 Dungeon Crawl Stone Soup version 0.28.0-53-g5a82cb258f (webtiles) character file.

Game seed: 11666586289222793104

2122 unlimited1921 the Magician (level 9, 0/57 HPs)
             Began as a Djinni Fire Elementalist on July 11, 2022.
             Was an Initiate of Gozag.
             Slain by a wolf (9 damage)
             ... led by Grum
             ... on level 9 of the Dungeon.
             The game lasted 00:31:45 (12679 turns).

unlimited1921 the Magician (DjFE)                  Turns: 12679, Time: 00:31:47

Health: 0/57       AC:  6    Str:  7    XL:     9   Next: 54%
Gold:   639        EV: 12    Int: 20    God:    Gozag SH:  0 Dex: 15

rFire   + + .      SeeInvis .   G - +11 trident "Qojuraif" {speed, rPois}
rCold   x . .      Faith    .   (no shield)
rNeg    . . .      Spirit   .   s - +0 leather armour
rPois   ∞          Reflect  .   t - +0 helmet
rElec   .          Harm     .   q - +0 cloak
rCorr   .          Rampage  .   J - +0 pair of gloves
Will    +....                   (boots unavailable)
Stlth   ++........              (no amulet)
HPRegen 0.19/turn               F - ring of willpower
MPRegen 0.00/turn               (no ring)

@: gold aura, flying
A: sickness immunity, fire resistance 2, cold vulnerability 1, float, innate
caster, HP casting, extra vitality 1
a: Renounce Religion, Potion Petition, Call Merchant, Bribe Branch


You were on level 9 of the Dungeon.
You worshipped Gozag.
Gozag was pleased with you.
You visited 2 branches of the dungeon, and saw 10 of its levels.
You also visited: Ossuary.

You collected 773 gold pieces.
You paid 134 gold pieces to Gozag.

Inventory:

Hand Weapons
 h - a +0 short sword
 l - a +0 dagger of protection
 p - a +3 quarterstaff of chaos
 v - a +1 whip of electrocution
 G - the +11 trident "Qojuraif" (weapon) {speed, rPois}
   (You found it on level 6 of the Dungeon)

   Attacks with this weapon are significantly faster.
   rPois:     It protects you from poison.
Missiles
 c - 3 boomerangs
 e - 2 throwing nets
 g - 194 stones
 n - 32 bolts
 x - 5 poisoned darts
Armour
 q - a +0 cloak (worn)
 s - a +0 leather armour (worn)
 t - a +0 helmet (worn)
 J - a +0 pair of gloves (worn)
Jewellery
 w - a ring of protection from cold
 F - a ring of willpower (left hand)
 H - a ring of resist corrosion
Wands
 b - a wand of flame (45)
 m - a wand of acid (6) (quivered)
 K - a wand of iceblast (5)
Scrolls
 a - a scroll of identify
 d - a scroll of enchant weapon
 k - a scroll of teleportation
 o - 4 scrolls of brand weapon {unknown}
 u - 2 scrolls of blinking {unknown}
 z - a scroll of enchant armour
 B - 2 scrolls of silence
 C - 2 scrolls of noise {unknown}
 L - a scroll of torment {unknown}
Potions
 f - 4 potions of degeneration {unknown}
 i - a potion of lignification
 j - 7 potions of curing {unknown}
 r - 3 potions of might {unknown}
 A - 2 potions of heal wounds {unknown}
 D - a potion of ambrosia
 E - a potion of brilliance {unknown}
 I - a potion of flight {unknown}
Miscellaneous
 y - a piece from Xom's chessboard (15/15)


   Skills:
 + Level 1.5 Fighting
 + Level 2.1(2.8) Polearms
 + Level 3.0(3.4) Staves
 + Level 1.8 Armour
 + Level 3.7 Dodging
 + Level 3.4 Stealth
 + Level 7.6 Spellcasting
 + Level 1.5 Evocations


You had 2 spell levels left.
You knew the following spells:

 Your Spells              Type           Power      Damage    Failure   Level
a - Foxfire               Conj/Fire      100%       2x1d9     1%          1
b - Scorch                Fire           76%        2d9       1%          2
c - Conjure Flame         Conj/Fire      38%        6-21      1%          3
d - Inner Flame           Hex/Fire       38%        N/A       1%          3
e - Flame Wave            Conj/Fire      38%        2d9       5%          4
f - Freeze                Ice            100%       1d11      1%          1
g - Passwall              Tmut/Erth      31%        N/A       1%          2
h - Corpse Rot            Necr/Air       76%        N/A       1%          2
i - Mephitic Cloud        Conj/Pois/Air  38%        N/A       1%          3
Your spell library was empty.

Dungeon Overview and Level Annotations

Branches:
Dungeon (9/15)             Temple (1/1) D:5         Ossuary (visited)
   Lair: D:8-11         Orc: D:9-12

Altars:
Ashenzari
Cheibriados
Dithmenos
Elyvilon
Fedhas
Gozag
Hepliaklqana
Kikubaaqudgha
Makhleb
Nemelex Xobeh
Okawaru
Qazlal
Ru
Sif Muna
Trog
Vehumet
Wu Jian
Xom
Yredelemnul
Zin

Shops:
D:4 (

Annotations:
D:8 Grum


Innate Abilities, Weirdness & Mutations

You are immune to sickness and miasma.
You are immune to poison.
Your flesh is very heat resistant. (rF++)
You are vulnerable to cold. (rC-)
You float through the air rather than walking.
You learn spells naturally, not from books.
Your magical power is your life essence.
You have superior vitality. (+4 MHP)


Message History

The gnoll is engulfed in blazing flames.
The gnoll explodes!
The fiery explosion engulfs the gnoll!!
The fiery explosion engulfs you! You resist.
The gnoll explodes!
The fiery explosion engulfs you! You resist.
A wolf comes into view.
The wolf howls!
You hear a howl!
You hear a shout!
Found 3 gold pieces and 7 stones.
Found 3 gold pieces.
Found 20 sling bullets, a book of Cantrips and a plate armour.
Found a stone staircase leading down.
There is a stone staircase leading up here.
The gnoll shaman enters a dispersal trap!
Grum blinks!
The gnoll blinks!
The wolf blinks!
The gnoll blinks!
Grum blinks!
You blink.
Found 9 stones.
You stop ascending the stairs.
The gnoll shaman blinks!
A wolf comes into view.
The wolf enters a dispersal trap!
The wolf blinks!
The gnoll shaman blinks!
Grum blinks! x2; The gnoll blinks! x2; The wolf blinks!
You blink.
The wolf moves out of view.
There is a stone staircase leading down here.
You can't go up here!
The wolf bites you!
* * * LOW HITPOINT WARNING * * *
The wolf barely misses you.
The gnoll hits you from afar with a +0 spear!
* * * LOW HITPOINT WARNING * * *
You fly downwards.
There is a stone staircase leading up here.
You are too injured to fight recklessly!
Unknown command.
Aiming: Corrosive Bolt
Press: ? - help, Q - select action, (/) - cycle Shift-Dir - straight line, f - wolf
Aim: a wolf (53% to hit)
The bolt of acid misses the wolf.
You hear an angry hiss.
The wolf bites you!
You die...
Your body crumbles into a pile of gold.

#########
##........
#.@h......
...............
......#........
......#........
..... #########
..... ####


You could see a wolf.

Vanquished Creatures
  2 sky beasts
  An orc warrior (D:7)
  3 black bears
  A necrophage (D:5)
  A phantom (D:7)
  A centaur (D:7)
  A bullfrog (D:6)
  A gnoll sergeant (D:7)
  3 scorpions
  A wyvern skeleton (D:5)
  2 howler monkeys
  A bullfrog zombie (D:7)
  A centaur zombie (D:7)
  2 jellies
  Crazy Yiuf (D:3)
  An orc priest (D:5)
  A bullfrog skeleton (D:5)
  A human zombie (D:5)
  3 iron imps (D:4)
  Jessica (D:2)
  4 iguanas
  Ijyb (D:5)
  4 orc wizards
  8 mummies (Ossuary)
  9 gnolls
  3 adders
  2 worm zombies (D:5)
  4 worms
  3 dart slugs
  10 orcs
  3 bats
  7 endoplasms
  5 giant cockroaches
  3 goblins
  5 hobgoblins
  8 jackals
  4 quokkas
  4 ball pythons
  5 frilled lizards
  3 gnoll zombies (Ossuary)
  3 hobgoblin zombies (Ossuary)
  A jackal zombie (D:5)
  4 kobolds
  A kobold zombie (Ossuary)
  An orc zombie (Ossuary)
  8 rats
142 creatures vanquished.

Vanquished Creatures (others)
  458 foxfires
458 creatures vanquished.

Grand Total: 600 creatures vanquished

Notes
Turn   | Place    | Note
-------+----------+-------------------------------------------
     0 | D:1      | unlimited1921 the Djinni Fire Elementalist began the quest
                  | for the Orb.
     0 | D:1      | Reached XP level 1. HP: 15/15 MP: 0/0
   269 | D:1      | Reached XP level 2. HP: 15/21 MP: 0/0
   910 | D:1      | Reached skill level 3 in Spellcasting
   910 | D:1      | Reached XP level 3. HP: 17/25 MP: 0/0
   910 | D:1      | Learned a level 1 spell: Freeze
  1983 | D:2      | Reached XP level 4. HP: 19/31 MP: 0/0
  2629 | D:2      | Noticed Jessica
  2634 | D:2      | Killed Jessica
  3403 | D:2      | Reached XP level 5. HP: 34/35 MP: 0/0
  3403 | D:2      | Learned a level 2 spell: Passwall
  4887 | D:3      | Found a snail-covered altar of Cheibriados.
  4887 | D:3      | Found a basalt altar of Yredelemnul.
  4937 | D:3      | Found a runed translucent door.
  4938 | D:3      | Noticed Crazy Yiuf
  5587 | D:3      | Killed Crazy Yiuf
  5588 | D:3      | Reached skill level 4 in Spellcasting
  6028 | D:4      | Reached XP level 6. HP: 32/40 MP: 0/0
  6514 | D:4      | Found a burning altar of Makhleb.
  7377 | D:4      | Found Axiaduenku's Antique Weapon Shop.
  7744 | D:5      | Entered Level 5 of the Dungeon
  7800 | D:5      | Found a sand-covered staircase.
  7814 | D:5      | Reached skill level 1 in Staves
  7818 | D:5      | Noticed Ijyb
  7828 | D:5      | Killed Ijyb
  7829 | D:5      | Reached skill level 5 in Spellcasting
  7831 | D:5      | Reached XP level 7. HP: 20/45 MP: 0/0
  7831 | D:5      | Learned a level 2 spell: Corpse Rot
  7995 | Ossuary  | Entered an ossuary
  8674 | D:5      | Reached XP level 8. HP: 46/50 MP: 0/0
  8786 | D:5      | Found a shadowy altar of Dithmenos.
  8822 | D:5      | Reached skill level 1 in Evocations
  9081 | D:5      | Reached skill level 6 in Spellcasting
  9437 | D:5      | Found a staircase to the Ecumenical Temple.
  9689 | Temple   | Entered the Ecumenical Temple
  9703 | Temple   | Became a worshipper of Gozag Ym Sagoz the Greedy
 10350 | D:6      | Identified the +11 trident "Qojuraif" {speed, rPois}
 10712 | D:6      | Reached skill level 7 in Spellcasting
 11091 | D:7      | Reached XP level 9. HP: 54/56 MP: 0/0
 11091 | D:7      | Learned a level 3 spell: Mephitic Cloud
 11104 | D:6      | Reached skill level 1 in Fighting
 11328 | D:7      | Reached skill level 1 in Polearms
 11558 | D:7      | Reached skill level 1 in Armour
 12665 | D:8      | Noticed Grum
 12679 | D:9      | Slain by a wolf

Illustrated notes

Levels and vault maps discovered:
D:1:      matt_arrival_grand_opening, layout_basic
D:2:      layout_basic, uniq_jessica
D:3:      layout_loops_ring, minitemple, uniq_crazy_yiuf_cottage
D:4:      layout_basic, demons_altar, serial_shops, nicolae_take_the_stairs
D:5:      layout_basic, mainiacjoe_overflow_paths, minmay_temple_entry_hall,
          enter_ossuary_3, hellmonk_bongcloud_opening, uniq_ijyb
D:6:      layout_gridville, st_stairs_5
D:7:      layout_basic, minmay_misc_feat_nine_boxes
D:8:      layout_basic, serial_shops, nicolae_shop_advertising_works
          [nicolae_subvault_shop_adworks], nicolae_benzene_ring, uniq_harold,
          uniq_pikel, uniq_grum
D:9:      layout_roguey, nicolae_uskayaw_suspiria, lair_entry_dummy,
          grunt_decor_arrowhead, st_stairs_2
Temple:   regret_index_temple_waves

Skill      XL: |  1  2  3  4  5  6  7  8  9 |
---------------+----------------------------+-----
Spellcasting   | 3 4 5 7 |  7.6
Stealth        | 2 3 |  3.4
Staves         | 1 2 3 |  3.0
Dodging        | 3 |  3.7
Evocations     | 1 |  1.5
Fighting       | 1 |  1.5
Polearms       | 2 |  2.1
Armour         | 1 |  1.8

Action                   |  1- 3 |  4- 6 |  7- 9 || total
-------------------------+-------+-------+-------++-------
Melee: Dagger            |     3 |     1 |       ||     4
       Quarterstaff      |       |     7 |    10 ||    17
       Trident           |       |       |    33 ||    33
       Punch             |       |       |     1 ||     1
 Cast: Foxfire           |    67 |   128 |    77 ||   272
       Scorch            |       |     9 |     8 ||    17
       Inner Flame       |       |       |    31 ||    31
       Mephitic Cloud    |       |       |     6 ||     6
Evoke: Wand              |       |     4 |     2 ||     6
  Use: Scroll            |       |       |     7 ||     7
 Stab: Sleeping          |       |       |     1 ||     1
Armor: Robe              |     2 |       |       ||     2
       Leather armour    |       |       |     9 ||     9
Dodge: Dodged            |    14 |    11 |    18 ||    43
